 Dungeon Crawl Stone Soup version 0.29.1-1-gd02db6906a (webtiles) character file.

Game seed: 14983319078819887160

85484 videwesjr the Executioner (level 15, -5/139 HPs)
             Began as a Minotaur Berserker on Sept 19, 2022.
             Was a High Priest of Trog.
             Succumbed to a green death's poison gas
             ... on level 2 of the Abyss on Sept 20, 2022.
             The game lasted 01:02:24 (23345 turns).

videwesjr the Executioner (Minotaur Berserker)     Turns: 23345, Time: 01:02:26

Health: -5/139     AC: 22    Str: 31    XL:     15   Next: 38%
Magic:  14/14      EV: 20    Int:  4    God:    Trog [*****.]
Gold:   734        SH:  0    Dex: 14    Spells: 14/14 levels left

rFire   x . .      SeeInvis .   R - +9 executioner's axe "Sinuga" {flame, Str+3}
rCold   . . .      Faith    +   (shield currently unavailable)
rNeg    . . .      Spirit   .   f - +5 ring mail
rPois   .          Reflect  .   (helmet restricted)
rElec   .          Harm     .   o - +2 cloak
rCorr   .          Rampage  +   q - +1 pair of gloves of the Jabberwock {Rampage +Blink rF- Dex+3}
Will    +++..                   B - +2 pair of boots
Stlth   +.........              l - amulet of faith
HPRegen 1.33/turn               A - +4 ring of evasion
MPRegen 0.14/turn               M - +4 ring of slaying

@: lethally poisoned (-5 -> -25), strong-willed, regenerating
A: horns 2, retaliatory headbutt
a: Renounce Religion, Evoke Blink, Berserk, Trog's Hand, Brothers in Arms


You were on level 2 of the Abyss.
You worshipped Trog.
Trog was extremely pleased with you.
You visited 4 branches of the dungeon, and saw 22 of its levels.
You visited the Abyss 1 time.

You collected 2252 gold pieces.
You spent 1518 gold pieces at shops.

Inventory:

Hand Weapons
 R - the +9 executioner's axe "Sinuga" (weapon) {flame, Str+3}
   (Trog gifted it to you on level 10 of the Dungeon)

   It burns those it strikes, dealing additional fire damage.
   Big, fiery blades are also staple armaments of hydra-hunters.
   Str:       It affects your strength (+3).
 Y - a +0 executioner's axe
Missiles
 j - 8 atropa-tipped darts
 k - 15 boomerangs
 w - a throwing net
 K - 6 poisoned darts (quivered)
Armour
 f - a +5 ring mail (worn)
 o - a +2 cloak (worn)
 q - the +1 pair of gloves of the Jabberwock (worn) {Rampage +Blink rF- Dex+3}
   (You bought it in a shop on level 2 of the Orcish Mines)

   Dex:       It affects your dexterity (+3).
   rF:        It makes you vulnerable to fire.
   +Blink:    It lets you blink.
   Rampage:   It bestows one free step when moving towards enemies.
 t - a +3 plate armour of fire resistance
 B - a +2 pair of boots (worn)
 J - a +2 ring mail of cold resistance
Jewellery
 a - a ring of fire
 l - an amulet of faith (around neck)
 A - a +4 ring of evasion (left hand)
 M - a +4 ring of slaying (right hand)
 U - an amulet of reflection
 V - a ring of poison resistance
 X - a ring of resist corrosion
Wands
 h - a wand of mindburst (27)
 C - a wand of iceblast (17)
 D - a wand of acid (42)
 H - a wand of charming (16)
 I - a wand of flame (2)
 W - a wand of polymorph (4)
Scrolls
 n - 7 scrolls of teleportation
 p - 4 scrolls of identify
 r - a scroll of summoning
 s - a scroll of magic mapping
 y - a scroll of fear
 z - a scroll of silence {unknown}
 T - a scroll of blinking
Potions
 b - 5 potions of haste
 c - 3 potions of magic
 d - 4 potions of cancellation
 e - 2 potions of berserk rage
 g - 3 potions of might
 i - 3 potions of resistance
 m - 4 potions of invisibility
 u - 7 potions of curing
 x - 4 potions of lignification
 F - a potion of heal wounds
 L - 2 potions of flight
 P - 9 potions of ambrosia
Miscellaneous
 v - a phial of floods
 N - a condenser vane


   Skills:
 + Level 14.9 Fighting
 + Level 24.2 Axes
 + Level 2.1 Throwing
 + Level 11.2 Armour
 * Level 10.4 Dodging
 + Level 2.7 Stealth
 + Level 2.1 Shields
 + Level 1.0 Evocations


You had 14 spell levels left.
You didn't know any spells.
Your spell library was empty.

Dungeon Overview and Level Annotations

Branches:
Dungeon (14/15)            Temple (0/1) D:7            Lair (5/5) D:10
 Shoals (0/4) Lair:2        Snake (0/4) Lair:2        Slime (0/5) Lair:5
    Orc (2/2) D:9             Elf (1/3) Orc:2
 Vaults: D:13-14

Altars:
Fedhas
Gozag
Hepliaklqana
Ru
Sif Muna
Trog
Lugonu

Shops:
Orc:2 *[[*   Elf:1 =

Portals:
Trove: D:13 (give 4 potions of resistance)

Annotations:
Lair:3 3 runed translucent doors, CertainDeath's ghost, journeyman TrTm
Lair:4 exclusion: oklob plant
Lair:5 exclusion: oklob plant


Innate Abilities, Weirdness & Mutations

You have a pair of horns on your head.
You reflexively headbutt those who attack you in melee.


Message History

You cut the hellwing into ribbons!!! You burn the hellwing.
You kill the hellwing!
Trog accepts your kill.
You hear a bark!
You hear a roar!
A green death comes into view.
Your cyclops hits the will-o-the-wisp!!!
The will-o-the-wisp is destroyed!
Trog accepts your kill.
The small abomination hits your cyclops!!
Your cyclops hits the small abomination!!!
The small abomination is destroyed!
Trog accepts your kill.
You start removing your armour.
You continue taking off your +5 ring mail.
The green death gestures at you.
The blast of poison engulfs your cyclops!
Your cyclops is poisoned.
Your cyclops is engulfed in poison gas.
Your cyclops looks even sicker.
You continue taking off your +5 ring mail.
You are engulfed in poison gas.
You are poisoned.
Keep disrobing?
* * * LOW HITPOINT WARNING * * *
You feel very sick. The green death gestures at you.
The poison arrow hits your cyclops!!!
Your cyclops looks as sick as possible!
Your cyclops dies!
Your cyclops's corpse disappears in a puff of smoke!
You continue taking off your +5 ring mail.
You are engulfed in poison gas.
You are more poisoned.
* * * LOW HITPOINT WARNING * * *
x2 You feel extremely sick.
You continue taking off your +5 ring mail.
You are engulfed in poison gas.
You are more poisoned.
* * * LOW HITPOINT WARNING * * *
You die...

## . h # ## .
.## . ..
#.#... #. ..
# #.#...# .#
# ####.......
#. . ..#@○.#
.......
#○○☼○.# § .
## ...☼.#☼○(#
##
#...○.☼###..#
# #. ....°###
#(..
....##..2..#
(#.# . #.
..#. # ( . #
.#........ .
.#. #.. #


You could see a green death and a raiju.

Vanquished Creatures
  A tentacled starspawn (Abyss:2)
  A boulder beetle (D:14)
  5 vault guards (D:14)
  2 catoblepae (Lair:5)
  4 hydras
  3 two-headed ogres
  A centaur warrior (D:13)
  The ghost of funnyparkerb the Basher, a novice MiBe of Trog (D:11)
  A dancing weapon (Elf:1)
  A deep troll shaman (Lair:5)
  9 death yaks
  2 tengu warriors (D:14)
  Sonja (Orc:1)
  A deep elf knight (Elf:1)
  6 deep elf pyromancers
  3 orc knights
  A deep elf zephyrmancer (Elf:1)
  An ugly thing (D:11)
  5 cyclopes
  A manticore (Lair:2)
  13 elephants
  A black mamba (Lair:5)
  2 smoke demons (Abyss:2)
  3 gargoyles
  8 cane toads
  2 unseen horrors
  6 rime drakes
  6 kobold demonologists
  An ancient zyme (Abyss:2)
  14 komodo dragons
  2 hellwings (Abyss:2)
  9 meliai
  8 trolls
  A polar bear (Lair:1)
  A queen bee (D:13)
  7 slime creatures (D:13)
  Prince Ribbit (D:5)
  A wind drake (Lair:2)
  A dream sheep (Lair:3)
  24 blink frogs
  Sigmund (D:5)
  A shadow (D:11)
  A wraith (D:12)
  3 water elementals (Elf:1)
  2 fire elementals (Elf:1)
  A wyvern (shapeshifter) (D:14)
  6 wyverns
  9 basilisks
  53 yaks
  A vampire (D:12)
  3 fire bats (Lair:3)
  3 vampire mosquitoes (D:12)
  Grum (D:9)
  2 small abominations (Abyss:2)
  7 steam dragons
  2 wargs (Orc:1)
  21 water moccasins
  30 orc warriors
  6 sky beasts
  6 black bears
  An ice beast (D:5)
  5 ogres
  35 wolves
  16 centaurs
  A phantom (D:5)
  3 kobold brigands
  5 bullfrogs
  5 necrophages
  A gnoll sergeant (D:7)
  2 scorpions
  8 wights
  31 killer bees
  8 electric eels
  A howler monkey (D:6)
  7 hounds
  18 orc priests
  7 jellies
  3 iguanas
  3 gnoll boudas
  22 orc wizards
  21 gnolls
  10 adders
  2 white imps
  An ufetubus (D:4)
  2 worms
  3 dart slugs
  54 orcs
  13 endoplasms
  4 giant cockroaches
  10 goblins
  10 hobgoblins
  6 jackals
  5 quokkas
  3 ball pythons
  5 bats
  5 frilled lizards
  20 kobolds
  5 rats (D:3)
  A lurking horror (Abyss:2)
  3 starspawn tentacles (Abyss:2)
685 creatures vanquished.

Vanquished Creatures (collateral kills)
  A death yak (Lair:4)
  A will-o-the-wisp (Abyss:2)
  A cane toad (Lair:4)
  A rime drake (Lair:4)
  5 yaks (Lair:4)
  A steam dragon (Lair:4)
  A basilisk (Lair:4)
  A water moccasin (Lair:4)
  A small abomination (Abyss:2)
  An orc warrior (Orc:2)
  A centaur (Orc:2)
  An orc (Orc:2)
16 creatures vanquished.

Vanquished Creatures (others)
  A wyvern (Lair:3)
  3 bushes (Lair:5)
  6 foxfires (Abyss:2)
  41 fungi
  103 plants
  A starspawn tentacle (Abyss:2)
155 creatures vanquished.

Grand Total: 856 creatures vanquished

Notes
Turn   | Place    | Note
-------+----------+-------------------------------------------
     0 | D:1      | videwesjr the Minotaur Berserker began the quest for the
                  | Orb.
     0 | D:1      | Reached XP level 1. HP: 19/19 MP: 0/0
   241 | D:1      | Reached XP level 2. HP: 22/27 MP: 1/1
   336 | D:1      | Reached skill level 4 in Axes
   657 | D:1      | Found a faded altar of an unknown god.
   924 | D:2      | Reached XP level 3. HP: 33/33 MP: 2/2
  1175 | D:2      | Reached ** piety under Trog
  1403 | D:2      | Reached XP level 4. HP: 25/41 MP: 3/3
  1409 | D:2      | Identified the +9 dagger of Ineu {elec, Fragile rF+ rC+}
  1741 | D:3      | Reached skill level 5 in Axes
  1878 | D:3      | Found a shimmering blue altar of Sif Muna.
  1969 | D:3      | Reached XP level 5. HP: 20/47 MP: 4/4
  2881 | D:4      | Reached XP level 6. HP: 34/53 MP: 5/5
  3068 | D:4      | Reached skill level 6 in Axes
  3233 | D:4      | Reached skill level 5 in Armour
  3375 | D:4      | Reached *** piety under Trog
  3500 | D:4      | Reached XP level 7. HP: 53/60 MP: 6/6
  3708 | D:4      | Reached skill level 5 in Fighting
  3818 | D:5      | Entered Level 5 of the Dungeon
  3865 | D:5      | Noticed Sigmund
  3880 | D:5      | Killed Sigmund
  3881 | D:5      | Reached skill level 7 in Axes
  4302 | D:5      | Reached XP level 8. HP: 10/70 MP: 7/7
  4614 | D:5      | Reached skill level 8 in Axes
  4687 | D:5      | Noticed Prince Ribbit
  4698 | D:5      | Killed Prince Ribbit
  5670 | D:6      | Reached skill level 9 in Axes
  5887 | D:6      | Found a faded altar of an unknown god.
  5888 | D:6      | Found a faded altar of an unknown god.
  5888 | D:6      | Found a faded altar of an unknown god.
  5891 | D:6      | Found a hazy altar of Hepliaklqana.
  6267 | D:7      | Reached XP level 9. HP: 72/78 MP: 8/8
  6283 | D:7      | Reached skill level 10 in Axes
  6438 | D:7      | Reached **** piety under Trog
  6616 | D:7      | Found a staircase to the Ecumenical Temple.
  7306 | D:8      | Found a flagged portal.
  7323 | D:8      | Reached skill level 11 in Axes
  7876 | D:8      | Found a sacrificial altar of Ru.
  7877 | D:8      | Noticed a two-headed ogre
  7893 | D:8      | Killed a two-headed ogre
  7894 | D:8      | Reached skill level 12 in Axes
  7894 | D:8      | Reached XP level 10. HP: 51/90 MP: 9/9
  8085 | D:8      | Reached skill level 10 in Armour
  8090 | D:8      | Reached ***** piety under Trog
  8091 | D:8      | Reached skill level 1 in Stealth
  8100 | D:8      | Reached skill level 13 in Axes
  8120 | D:8      | Reached skill level 5 in Dodging
  8596 | D:9      | Found a staircase to the Orcish Mines.
  8656 | D:9      | Noticed Grum
  8668 | D:9      | Killed Grum
  8952 | D:9      | Reached skill level 14 in Axes
  9276 | D:10     | Entered Level 10 of the Dungeon
  9308 | D:10     | Reached XP level 11. HP: 81/99 MP: 10/10
  9340 | D:10     | Reached skill level 1 in Shields
  9481 | D:10     | Found a staircase to the Lair.
  9518 | D:10     | Reached skill level 10 in Fighting
  9562 | D:10     | Identified the +9 executioner's axe "Sinuga" {flame, Str+3}
                  | (Trog gifted it to you on level 10 of the Dungeon)
  9562 | D:10     | Received a gift from Trog
  9619 | D:10     | Found a bloodstained altar of Trog.
  9771 | D:10     | Reached skill level 15 in Axes
 10151 | Lair:1   | Entered Level 1 of the Lair of Beasts
 10242 | Lair:1   | Noticed a five-headed hydra
 10251 | Lair:1   | Killed a two-headed hydra
 10252 | Lair:1   | Reached skill level 16 in Axes
 10496 | Lair:1   | Found a gate leading to a gauntlet.
 10545 | Lair:1   | Noticed a six-headed hydra
 10550 | Lair:1   | Killed a three-headed hydra
 10886 | Lair:1   | Noticed a seven-headed hydra
 10892 | Lair:1   | Killed a five-headed hydra
 10893 | Lair:1   | Reached skill level 17 in Axes
 11344 | Lair:2   | Reached XP level 12. HP: 108/108 MP: 11/11
 11396 | Lair:2   | Found a staircase to the Shoals.
 11406 | Lair:2   | Received a gift from Trog
 11677 | Lair:2   | Found a staircase to the Snake Pit.
 11743 | Lair:2   | Identified the +8 lajatang of Koifih {speed, rPois Int+4}
 11952 | Lair:2   | Reached skill level 18 in Axes
 12155 | Lair:3   | Found a runed translucent gate.
 12155 | Lair:3   | Found a runed translucent gate.
 12155 | Lair:3   | Found a runed translucent gate.
 12217 | Lair:3   | Noticed CertainDeath's ghost (journeyman TrTm)
 12251 | Lair:3   | Reached skill level 19 in Axes
 13433 | Lair:4   | Received a gift from Trog
 13449 | Lair:4   | Noticed a death yak
 13451 | Lair:4   | Noticed a death yak
 13452 | Lair:4   | Noticed a death yak
 13453 | Lair:4   | HP: 5/110 [steam dragon] (2)]
 13454 | Lair:4   | Noticed a death yak
 13454 | Lair:4   | Noticed a death yak
 13455 | Lair:4   | Reached XP level 13. HP: 22/116 MP: 12/12
 13458 | Lair:4   | Reached skill level 20 in Axes
 13739 | Lair:3   | Reached skill level 1 in Throwing
 14124 | Lair:4   | Reached skill level 21 in Axes
 14459 | Lair:4   | Identified the +0 cloak of the Blessed Realm {-Tele rPois
                  | rN+++ Stlth+}
 14916 | Lair:4   | Found a blossoming altar of Fedhas.
 15105 | Lair:5   | Entered Level 5 of the Lair of Beasts
 15144 | Lair:5   | Received a gift from Trog
 15575 | Lair:5   | Reached skill level 22 in Axes
 16004 | Lair:5   | Reached XP level 14. HP: 112/127 MP: 13/13
 16075 | Lair:5   | Found a staircase to the Slime Pits.
 16233 | Lair:5   | Identified the +3 dagger of Okhiargh {freeze, rF- Str+3
                  | SInv}
 16352 | Lair:5   | Identified the ring "Loil" {rF+ Str-5 Int+5 Dex+6}
 16908 | D:11     | Found a large runed translucent door.
 16908 | D:11     | Found a large runed translucent door.
 16914 | D:11     | Noticed funnyparkerb's ghost (novice MiBe)
 16924 | D:11     | Killed funnyparkerb's ghost
 17044 | D:11     | Received a gift from Trog
 18147 | D:12     | Found a corrupted altar of Lugonu.
 18178 | D:12     | Reached ****** piety under Trog
 18680 | D:13     | Reached skill level 23 in Axes
 18698 | D:13     | Found a portal to a secret trove of treasure.
 19018 | D:13     | Received a gift from Trog
 19383 | D:13     | Identified the +4 ring mail of Uskayaw's Approval {Harm
                  | Drain rN+ Dex+8}
 19554 | D:14     | Found an opulent altar of Gozag.
 19862 | D:14     | Reached skill level 1 in Evocations
 20748 | Orc:1    | Entered Level 1 of the Orcish Mines
 20754 | Orc:1    | Reached XP level 15. HP: 138/138 MP: 14/14
 20841 | Orc:1    | Noticed Sonja
 20852 | Orc:1    | Killed Sonja
 20853 | Orc:1    | Reached skill level 10 in Dodging
 21283 | Orc:2    | Entered Level 2 of the Orcish Mines
 21283 | Orc:2    | Found a staircase to the Elven Halls.
 21285 | Orc:2    | Received a gift from Trog
 21677 | Orc:2    | Found Giyjiama's Armour Shop.
 21677 | Orc:2    | Found Jicomump's Antique Armour Emporium.
 21690 | Orc:2    | Found Qitunathel's General Store.
 21695 | Orc:2    | Found Aduhued's Assorted Antiques.
 21817 | Orc:2    | Bought a scroll labelled ROSTUT SAFYOPH for 22 gold pieces
 21822 | Orc:2    | Bought 2 potions of curing for 78 gold pieces
 21824 | Orc:2    | Bought a runed plate armour for 858 gold pieces
 21824 | Orc:2    | Bought a pair of steaming gloves for 313 gold pieces
 21824 | Orc:2    | Identified the +1 pair of gloves of the Jabberwock {Rampage
                  | +Blink rF- Dex+3} (You bought it in a shop on level 2 of
                  | the Orcish Mines)
 21824 | Orc:2    | Bought a glowing cloak for 247 gold pieces
 22224 | Orc:1    | Received a gift from Trog
 22576 | Elf:1    | Entered Level 1 of the Elven Halls
 22654 | Elf:1    | Found Riudotic's Jewellery Shop.
 22729 | Elf:1    | Reached skill level 24 in Axes
 23161 | Elf:1    | Received a gift from Trog
 23162 | Abyss:2  | Cast into level 2 of the Abyss (a deep elf demonologist)
 23201 | Abyss:2  | Found an iron altar of Okawaru.
 23235 | Abyss:2  | Noticed a tentacled starspawn
 23242 | Abyss:2  | Killed a tentacled starspawn
 23344 | Abyss:2  | HP: 5/139 [poisoned by a green death (poison gas)]
 23345 | Abyss:2  | HP: 1/139 [green death] (4)]
 23345 | Abyss:2  | Succumbed to a green death's poison gas

Illustrated notes

Levels and vault maps discovered:
D:1:      matt_arrival_refuge, layout_loops_ring, ebering_ecumenical_altar_hall,
          palyth_stone_intersect, grunt_decor_junction
D:2:      layout_rooms, minmay_quantized
D:3:      minmay_chambers_of_twos, layout_basic,
          mainiacjoe_overflow_small_starburst
D:4:      layout_loops_ring, nicolae_titane
D:5:      layout_basic, enter_ossuary_5, kennysheep_generic_room_9,
          uniq_sigmund, uniq_prince_ribbit1
D:6:      wander_river, layout_rooms, nicolae_hepliaklqana_ecumenical_no_more
D:7:      layout_loops_ring, minmay_temple_entry_proselytizer,
          nicolae_grassy_gnolls
D:8:      layout_basic, nicolae_ru_sacrificial_ziggurat, enter_bailey_5,
          hangedman_misty_isle
D:9:      layout_cave_pools, orc_0_dummy, mrwooster_statue_mirror, uniq_grum
D:10:     layout_rooms, kennysheep_mini_moat, erik_lair_island
D:11:     layout_roguey, ebering_ghost_disaster_area
D:12:     layout_loops_corners, tgw_lugonu_bribe
D:13:     layout_roguey [special_room_bee], nicolae_trove_entry_crossroad
D:14:     layout_loops_ring, erik_vaults_2,
          nicolae_gozag_cash_rules_everything_around_me
Lair:1:   layout_regular_city, gauntlet_entry_generic
Lair:2:   layout_concentric_octagons, minmay_shoals_entry_beasts,
          dummy_snake_entry, serial_bayou_shore_b
Lair:3:   layout_gridlike, ebering_ghost_rock_garden,
          chequers_serial_rivers_room_a, serial_bayou_shore_b,
          serial_bayou_shore_a, wad_woods_river_01
Lair:4:   layout_loops_ring, serial_bayou, serial_bayou_lake_a,
          serial_bayou_lagoon_b, serial_bayou_shore_b, serial_bayou_lagoon_a,
          hangedman_tree_tricks
Lair:5:   grunt_lair_end_beastmaster, layout_loops_ring,
          nicolae_slime_entry_slimehenge, minmay_lair_oklob_bushes, st_stairs_8,
          infiniplex_staircase_pool_2
Orc:1:    layout_diamond_mine, uniq_sonja
Orc:2:    st_orc_rangers, layout_caves
Elf:1:    layout_geoelf_grid, serial_shops, shop, minmay_elf_demonology,
          grunt_megastairs_2
Abyss:2:  base:
Snake:3

Skill      XL: |  1  2  3  4  5  6  7  8  9 10 11 12 13 14 15 |
---------------+----------------------------------------------+-----
Axes           | 4 5 6 7 9 12 14 17 19 22 23 24 | 24.2
Fighting       | 4 5 6 8 9 10 11 12 14 | 14.9
Armour         | 3 4 5 6 8 9 10 11 | 11.2
Dodging        | 3 4 5 6 7 9 10 | 10.4
Stealth        | 1 2 |  2.7
Shields        | 2 |  2.1
Throwing       | 1 2 |  2.1
Evocations     | 1 |  1.0

Action                   |  1- 3 |  4- 6 |  7- 9 | 10-12 | 13-15 || total
-------------------------+-------+-------+-------+-------+-------++-------
Melee: Hand axe          |    67 |   118 |    13 |       |       ||   198
       Headbutt          |    10 |    16 |    49 |    46 |    80 ||   201
       War axe           |       |       |   255 |   131 |       ||   386
       Punch             |       |       |     2 |       |       ||     2
       Executioner's axe |       |       |       |   188 |   507 ||   695
Throw: Boomerang         |       |       |     2 |     5 |       ||     7
       Dart              |       |       |       |     2 |    26 ||    28
Invok: Trog's Hand       |       |       |       |     1 |     4 ||     5
       Brothers in Arms  |       |       |       |     1 |     3 ||     4
Evoke: Wand              |       |       |       |       |     7 ||     7
  Use: Scroll            |       |     9 |    13 |    10 |     5 ||    37
       Potion            |       |       |     1 |     3 |     1 ||     5
 Stab: Distracted        |       |       |       |     1 |       ||     1
Armor: Animal skin       |     2 |       |       |       |       ||     2
       Scale mail        |    15 |    11 |       |       |       ||    26
       Chain mail        |       |    36 |    97 |       |       ||   133
       Steam dragon scal |       |       |     8 |    10 |       ||    18
       Ring mail         |       |       |       |   115 |   204 ||   319
Dodge: Dodged            |    33 |    55 |   176 |   380 |   480 ||  1124
Block: Buckler           |       |       |       |    18 |       ||    18
